 Dungeon Crawl Stone Soup version 0.18-a0-1677-g2bdad6c (webtiles) character file.

95 Oddball22 the Skirmisher (level 4, -2/37 HPs)
             Began as a Demonspawn Monk on Apr 2, 2016.
             Killed from afar by Jessica (6 damage)
             ... with a wand of flame
             ... on level 2 of the Dungeon.
             The game lasted 00:02:35 (1484 turns).

Oddball22 the Skirmisher (Demonspawn Monk)          Turns: 1484, Time: 00:02:35

Health: -2/37      AC:  4    Str:  8 (11) XL:     4   Next: 40%
Magic:  4/4        EV: 13    Int: 11 (12) God:
Gold:   141        SH:  0    Dex: 14 (16) Spells: 0 memorised, 3 levels left

rFire  x . .     SeeInvis .     f - +0 dagger (elec)
rCold  + . .     Gourm    .     a - +0 robe
rNeg   . . .     Faith    .     (no shield)
rPois  .         Spirit   .     (no helmet)
rElec  .         Dismiss  .     l - +0 cloak
rCorr  .         Reflect  .     c - +0 pair of gloves
SustAt .         Harm     .     (no boots)
MR     .....     Rnd*Tele +     (no amulet)
Stlth  ++........               p - ring of teleportation (curse)
                                h - ring of ice

@: slowed, very slow, not resistant to hostile enchantments, unstealthy
A: demonic guardian 1
a: no special abilities


You were on level 2 of the Dungeon.
You were not hungry.

You visited 1 branch of the dungeon, and saw 2 of its levels.

You collected 141 gold pieces.

Inventory:

Hand Weapons
 f - a +0 dagger of electrocution (weapon)
Armour
 a - a +0 robe (worn)
 c - a +0 pair of gloves (worn)
 l - a +0 cloak (worn)
Jewellery
 h - a ring of ice (left hand)
 p - a cursed ring of teleportation (right hand)
Wands
 t - a wand of iceblast (11/15)
Scrolls
 d - 2 scrolls of enchant armour {unknown}
 j - 3 scrolls of enchant weapon {unknown}
 k - a scroll of random uselessness {unknown}
 n - a scroll of recharging {unknown}
 o - a scroll of teleportation {unknown}
Potions
 e - a potion of degeneration
 i - a potion of lignification {unknown}
 m - 2 potions of ambrosia {unknown}
 r - a potion of berserk rage {unknown}
 s - a potion of might {unknown}
Comestibles
 b - 2 bread rations
 g - 2 fruits
 q - a chunk of flesh


   Skills:
 * Level 4.2 Fighting
 + Level 3.3 Dodging
 - Level 1.7 Stealth
 + Level 4.1 Unarmed Combat


You had 3 spell levels left.
You didn't know any spells.

Dungeon Overview and Level Annotations

Branches:
Dungeon (2/15)

Altars:
Qazlal

Annotations:
D:2 Jessica


Innate Abilities, Weirdness & Mutations

A weak demonic guardian rushes to your aid.


Message History

Your crimson imp hits Jessica but does no damage.
Your crimson imp barely misses Jessica.
Jessica gestures wildly.
Jessica zaps a wand.
The puff of flame hits you! The fire burns you terribly!
You hit Jessica but do no damage. Jessica barely misses you.
Your crimson imp hits Jessica.
You hit Jessica but do no damage.
Jessica is lightly wounded.
Your crimson imp hits Jessica but does no damage.
Jessica zaps a wand.
The puff of flame hits you! The fire burns you terribly!
* * * LOW HITPOINT WARNING * * *
Your crimson imp closely misses Jessica.
Jessica barely misses you.
Drink which item? (? for menu, Esc to quit)
It was a potion of degeneration.
There was something very wrong with that liquid.
You feel weakened.
You feel dopey.
You feel clumsy.
Your crimson imp closely misses Jessica.
Jessica zaps a wand.
The puff of flame hits you! The fire burns you terribly!
You die...

# #. # #.# ### ##.#############.#
#......##........#
#......##.######.# ##########
#...$..##.#### #.# #........#
#....!.##....# #.# #........#
#.@@...#####.# #.#
#........####5##### #.# #.#
#................######.###.#
###...........................###
...........................>....#
#................######.......#
###................# #.......#
..............[....# #.......#
......#####........# #.......#


You could see Jessica and a friendly crimson imp.

Vanquished Creatures
  Ijyb (D:2)
  3 adders (D:2)
  2 dart slugs (D:1)
  2 giant geckos
  5 giant cockroaches
  4 goblins
  A hobgoblin (D:1)
  3 jackals (D:2)
  A ball python (D:1)
  4 bats
  2 giant newts
  3 kobolds
  7 rats
38 creatures vanquished.

Notes
Turn   | Place    | Note
--------------------------------------------------------------
     0 | D:1      | Oddball22 the Demonspawn Monk began the quest for the Orb.
     0 | D:1      | Reached XP level 1. HP: 18/18 MP: 1/1
   157 | D:1      | Gained mutation: A weak demonic guardian rushes to your aid. [demonic ancestry]
   157 | D:1      | Reached XP level 2. HP: 21/24 MP: 2/2
   686 | D:2      | Reached XP level 3. HP: 29/29 MP: 3/3
  1209 | D:2      | Noticed Ijyb
  1215 | D:2      | Killed Ijyb
  1215 | D:2      | Reached XP level 4. HP: 34/37 MP: 4/4
  1247 | D:2      | Found a stormy altar of Qazlal.
  1248 | D:2      | Noticed a fire elemental
  1250 | D:2      | Noticed an air elemental
  1250 | D:2      | Noticed a water elemental
  1250 | D:2      | Noticed an earth elemental
  1466 | D:2      | Noticed Jessica
  1484 | D:2      | Killed from afar by Jessica

Vault maps used:
D:1:      nicolae_arrival_memento_mori
D:2:      nicolae_qazlal_style_of_elements, uniq_iyjb, uniq_jessica

Skill      XL: |  1  2  3 |
---------------+----------+-----
Dodging        | 3 |  3.3
Fighting       | 4 |  4.2
Unarmed Combat | 4 |  4.1
Stealth        | |  1.7

Action                   |  1- 3 |  4- 6 || total
-------------------------+-------+-------++-------
Melee: Unarmed           |    30 |       ||    30
       Dagger            |    53 |    30 ||    83
  Use: Potion            |       |     1 ||     1
 Stab: Sleeping          |     5 |       ||     5
  Eat: Chunk             |     1 |     1 ||     2
